 Dungeon Crawl Stone Soup version 0.32-a0-485-g70f7560b1c (webtiles) character file.

Game seed: 5405580709638021470

200 jasper the Chopper (level 5, -4/45 HPs)
             Began as a Mountain Dwarf Fighter on Feb 26, 2024.
             Was a Follower of Beogh.
             Incinerated by a bombardier beetle (5 damage)
             ... with a burning spray
             ... on level 4 of the Dungeon.
             The game lasted 00:03:22 (2408 turns).

jasper the Chopper (Mountain Dwarf Fighter)         Turns: 2408, Time: 00:03:23

Health: -4/45      AC: 10    Str: 26    XL:     5   Next: 49%
Magic:  5/5        EV:  8    Int:  9    God:    Beogh [*.....]
Gold:   159        SH:  4    Dex:  9    Spells: 4/4 levels left

rFire   . . .        a - +0 war axe
rCold   . . .        c - +0 buckler
rNeg    . . .        o - +0 chain mail
rPois   .            (no helmet)
rElec   .            (no cloak)
rCorr   .            f - +0 pair of gloves
SInv    .            (no boots)
Will    .....        (no amulet) Stlth
                     l - +6 ring of strength
HPRegen 0.27/turn    (no ring)
MPRegen 0.09/turn

%: no passive effects
@: on fire, glowing
A: runic magic, artefact enchanting
a: Renounce Religion


You were on level 4 of the Dungeon.
You worshipped Beogh.
Beogh was aware of your devotion.
You visited 1 branch of the dungeon, and saw 4 of its levels.

You collected 159 gold pieces.

Inventory:

Hand Weapons
 a - a +0 war axe (weapon)
 q - a +1 whip of venom
Missiles
 i - 31 stones (quivered)
 t - 6 curare-tipped darts
Armour
 b - a +0 scale mail
 c - a +0 buckler (worn)
 f - a +0 pair of gloves (worn)
 o - a +0 chain mail (worn)
Jewellery
 l - a +6 ring of strength (left hand)
Scrolls
 e - 2 scrolls of revelation
 p - 4 scrolls of blinking
Potions
 d - a potion of might
 g - a potion of lignification
 h - a potion of haste
 k - 2 potions of heal wounds
 n - 3 potions of curing
 r - a potion of brilliance {unknown}
 s - 2 potions of cancellation {unknown}


   Skills:
 - Level 3.2 Fighting
 + Level 7.0 Axes
 - Level 3.2 Armour
 - Level 3.2 Shields


You had 4 spell levels left.
You didn't know any spells.
Your spell library was empty.

Dungeon Overview and Level Annotations

Branches:
Dungeon (4/15)
 Temple: D:4-7

Altars:
Cheibriados
Uskayaw
Beogh


Innate Abilities, Weirdness & Mutations

Your spellcasting is much less encumbered by armour.
You can use scrolls of enchantment on lesser artefacts.


Message History

You slash the bombardier beetle!
You kill the bombardier beetle!
Beogh accepts your kill.
You hit the adder.
You kill the adder!
Beogh accepts your kill.
You closely miss the goblin. The liquid fire burns you!
You feel sick. The goblin hits you with a +0 dagger.
Your Axes skill increases to level 7!
You take 6 damage, and have 23/45 hp.
You shake off some of the fire as you move.
The liquid fire burns you!
You feel sick. The goblin hits you but does no damage.
You see here a scroll labelled VIEJ MISUISH.
You take 5 damage, and have 18/45 hp.
You barely miss the goblin. The liquid fire burns you!
You feel sick. The goblin hits you but does no damage.
You take 4 damage, and have 14/45 hp.
You closely miss the goblin. The liquid fire burns you!
* * * LOW HITPOINT WARNING * * *
You feel sick.
You are no longer poisoned.
You block the goblin's attack.
You take 5 damage, and have 9/45 hp.
You barely miss the goblin. The liquid fire burns you!
* * * LOW HITPOINT WARNING * * *
The goblin closely misses you. The goblin barely misses you.
You take 2 damage, and have 7/45 hp.
You closely miss the goblin. The liquid fire burns you!
* * * LOW HITPOINT WARNING * * *
The goblin hits you but does no damage.
You take 6 damage, and have 1/45 hp.
You closely miss the goblin. The liquid fire burns you!
You die...

#............#
#............#
.#.........<..#
..............#
##............#
.........<....##
##...............
........g.....##.
#####.#$@........
#....###.....
#..#.. ##.#.
#..###. .g. #>.
.. .. (.. .. .#.#
... ## ...


You could see a goblin.

Vanquished Creatures
  2 bombardier beetles
  An orc priest (D:3)
  3 adders
  2 ribbon worms (D:2)
  2 dart slugs (D:1)
  2 orcs (D:3)
  8 bats
  7 endoplasms
  6 giant cockroaches
  5 goblins
  7 hobgoblins
  2 jackals (D:3)
  5 kobolds
  2 quokkas
  6 ball pythons
  6 frilled lizards
  5 rats
71 creatures vanquished.

Vanquished Creatures (others)
  An orc (D:3)
  2 bats (D:3)
  A ball python (D:3)
4 creatures vanquished.

Grand Total: 75 creatures vanquished

Notes
Turn   | Place    | Note
-------+----------+-------------------------------------------
     0 | D:1      | jasper the Mountain Dwarf Fighter began the quest for the
                  | Orb.
     0 | D:1      | Reached XP level 1. HP: 19/19 MP: 1/1
    86 | D:1      | Reached skill level 3 in Axes
   152 | D:1      | Reached XP level 2. HP: 23/26 MP: 2/2
   500 | D:1      | Reached skill level 4 in Axes
   550 | D:1      | Reached XP level 3. HP: 31/31 MP: 3/3
   819 | D:2      | Found a hide-covered altar of Uskayaw.
  1183 | D:2      | Reached skill level 5 in Axes
  1420 | D:3      | Found a faded altar of an unknown god.
  1434 | D:3      | Prayed at the altar of an unknown god.
  1434 | D:3      | Became a worshipper of Beogh the Shepherd
  1434 | D:3      | Reached * piety under Beogh
  1453 | D:3      | Reached XP level 4. HP: 24/38 MP: 4/4
  1592 | D:3      | Reached skill level 6 in Axes
  1592 | D:3      | Reached XP level 5. HP: 44/45 MP: 5/5
  2097 | D:3      | Found a snail-covered altar of Cheibriados.
  2148 | D:3      | Identified the +1 robe of Tender Moments {rN++}
  2403 | D:4      | Reached skill level 7 in Axes
  2407 | D:4      | HP: 1/45 [burnt (6)]
  2408 | D:4      | Incinerated by a bombardier beetle

Illustrated notes

Levels and vault maps discovered:
D:1:      amcnicky_arrival_underground_garden, layout_loops_ring,
          kennysheep_another_room, chequers_serial_rivers_small_a
D:2:      layout_basic, basic_altar
D:3:      kennysheep_big_flooded_room, layout_loops_cross,
          nicolae_overflow_hidden_temple, basic_ecumenical_altar,
          kennysheep_path_1
D:4:      layout_rooms

Skill      XL: |  1  2  3  4  5 |
---------------+----------------+-----
Axes           | 3 4 5 6 7 |  7.0
Fighting       | |  3.2
Armour         | |  3.2
Shields        | |  3.2

Action                     |  1- 3 |  4- 6 || total
---------------------------+-------+-------++-------
  Melee: War axe           |   110 |    65 ||   175
    Use: Scroll            |       |     7 ||     7
   Stab: Distracted        |     1 |       ||     1
 Armour: Scale mail        |    42 |       ||    42
         Chain mail        |    61 |    56 ||   117
  Dodge: Dodged            |    59 |    33 ||    92
  Block: Buckler           |    36 |    11 ||    47

Table legend: (Time is in decaauts)
 A = Elapsed time spent in this place.
 B = Non-inter-level travel time spent in this place.
 C = Inter-level travel time spent in this place.
 D = Time resting spent in this place.
 E = Time spent auto-exploring this place.
 F = Levels seen in this place.
 G = Mean time per level.
                   A        B        C        D        E       F      G
               +--------+--------+--------+--------+--------+-----+--------+
         Total |   2471 |   2426 |     45 |     29 |   1760 |   4 |  617.8 |
       Dungeon |   2471 |   2426 |     45 |     29 |   1760 |   4 |  617.8 |
               +--------+--------+--------+--------+--------+-----+--------+

Top non-repeatable levels by time:
     D:3: 991 daAuts
     D:1: 821 daAuts
     D:2: 640 daAuts
     D:4: 17 daAuts
